| TOP OF THE 1ST |
|
San Diego (APP) Padres batting - Pitching for San Francisco (APP) Giants : RHP Conrad van Gemert
|
|
Pitching: RHP Conrad van Gemert
|
|
|
Batting: RHB Elias Vences
|
0-0: Called Strike 0-1: Ball 1-1: Foul Ball, location: 2F 1-2: Ball 2-2: SOLO HOME RUN (Flyball, 7D, EV 98.8 MPH), Distance : 388 ft
|
|
Batting: LHB Dean Luttman
|
0-0: Called Strike 0-1: Ball 1-1: Bunt for hit to 25 - play at first, batter safe!
|
|
Batting: RHB Devon Dill
|
0-0: Ball 1-0: Ball 2-0: Ball 3-0: Called Strike 3-1: Base on Balls Dean Luttman to second
|
|
Batting: LHB Justin Daley
|
0-0: Ball 1-0: TRIPLE (Groundball, 3L, EV 97.5 MPH) Dean Luttman scores Devon Dill scores
|
|
Batting: RHB Yuusei Narita
|
0-0: Ball 1-0: 2-RUN HOME RUN (Flyball, 7D, EV 94.4 MPH), Distance : 373 ft
|
|
Batting: RHB Victor Contreras
|
0-0: Called Strike 0-1: Ball 1-1: SOLO HOME RUN (Flyball, 7D, EV 96.2 MPH), Distance : 374 ft
|
|
Pitching: RHP Sam Green
|
|
|
Batting: RHB Alex Collazo
|
0-0: Ball 1-0: Ball 2-0: Fly out, F8 (Flyball, 78D, EV 86.9 MPH)
|
|
Batting: RHB Kevin Davis
|
0-0: Called Strike 0-1: Foul Ball, location: 2F 0-2: SOLO HOME RUN (Flyball, 7LD, EV 102.5 MPH), Distance : 378 ft
|
|
Batting: SHB Yu-hsui Lew
|
0-0: Ball 1-0: Ball 2-0: Ball 3-0: Called Strike 3-1: Base on Balls
|
|
Batting: RHB Elias Vences
|
0-0: Ball 1-0: Foul Ball, location: 2F 1-1: Foul Ball, location: 2F 1-2: Ball 2-2: Grounds into double play, 6-4-3 (Groundball, 6S, EV 86.9 MPH)
|
| Top of the 1st over - 7 runs, 6 hits, 0 errors, 0 left on base; San Diego (APP) 7 - San Francisco (APP) 0 |
| BOTTOM OF THE 1ST |
|
San Francisco (APP) Giants batting - Pitching for San Diego (APP) Padres : RHP Russell MacKay
|
|
Pitching: RHP Russell MacKay
|
|
|
Batting: LHB Eddie Lemus
|
0-0: Ball 1-0: Called Strike 1-1: Ball 2-1: Ball 3-1: Foul Ball, location: 2F 3-2: Fly out, F8 (Flyball, 8LD, EV 105.6 MPH)
|
|
Batting: RHB Noe Oliva
|
0-0: Ground out 5-3 (Groundball, 56, EV 89.4 MPH)
|
|
Batting: LHB Kuan Hsia
|
0-0: Called Strike 0-1: Ball 1-1: Swinging Strike 1-2: Ball 2-2: Foul Ball, location: 2F 2-2: Strikes out swinging
|
| Bottom of the 1st over - 0 runs, 0 hits, 0 errors, 0 left on base; San Diego (APP) 7 - San Francisco (APP) 0 |
| TOP OF THE 2ND |
|
San Diego (APP) Padres batting - Pitching for San Francisco (APP) Giants : RHP Sam Green
|
|
Batting: LHB Dean Luttman
|
0-0: Called Strike 0-1: Fly out, F7 (Line Drive, 7S, EV 93.8 MPH)
|
|
Batting: RHB Devon Dill
|
0-0: SINGLE (Groundball, 6MD, EV 102.5 MPH)
|
|
Batting: LHB Justin Daley
|
0-0: Called Strike 0-1: Fly out, F9 (Flyball, 9LM, EV 90.0 MPH)
|
|
Batting: RHB Yuusei Narita
|
0-0: Ball 1-0: Ball 2-0: SINGLE (Line Drive, 7LS, EV 109.4 MPH) Devon Dill to second
|
|
Batting: RHB Victor Contreras
|
0-0: Ball 1-0: Ball 2-0: Called Strike 2-1: Foul Ball, location: 2F 2-2: Ball 3-2: Base on Balls Devon Dill to third Yuusei Narita to second
|
|
Batting: RHB Alex Collazo
|
0-0: Foul Ball, location: 2F 0-1: Ball 1-1: Ball 2-1: Called Strike 2-2: Foul Ball, location: 2F 2-2: Ball 3-2: Base on Balls Devon Dill scores Yuusei Narita to third Victor Contreras to second
|
|
Batting: RHB Kevin Davis
|
0-0: GRAND SLAM HOME RUN (Flyball, 78XD, EV 106.9 MPH), Distance : 423 ft
|
|
Pitching: RHP Corey Foster
|
|
|
Batting: SHB Yu-hsui Lew
|
0-0: Called Strike 0-1: Foul Ball, location: 2F 0-2: Ball 1-2: Ball 2-2: Ball 3-2: Base on Balls
|
|
Batting: RHB Elias Vences
|
0-0: Ball 1-0: Called Strike 1-1: Ball 2-1: Ball 3-1: Called Strike 3-2: Foul Ball, location: 2F 3-2: Foul Ball, location: 2F 3-2: Foul Ball, location: 2F 3-2: Fly out, F7 (Flyball, 78M, EV 86.9 MPH)
|
| Top of the 2nd over - 5 runs, 3 hits, 0 errors, 1 left on base; San Diego (APP) 12 - San Francisco (APP) 0 |
| BOTTOM OF THE 2ND |
|
San Francisco (APP) Giants batting - Pitching for San Diego (APP) Padres : RHP Russell MacKay
|
|
Batting: RHB Ricky Aguilar
|
0-0: Swinging Strike 0-1: Swinging Strike 0-2: Strikes out swinging
|
|
Batting: RHB Chris Kulik
|
0-0: Swinging Strike 0-1: Swinging Strike 0-2: Ball 1-2: Strikes out swinging
|
|
Batting: RHB Azeem bin Zuhair
|
0-0: Swinging Strike 0-1: Foul Ball, location: 2F 0-2: Strikes out swinging
|
| Bottom of the 2nd over - 0 runs, 0 hits, 0 errors, 0 left on base; San Diego (APP) 12 - San Francisco (APP) 0 |
| TOP OF THE 3RD |
|
San Diego (APP) Padres batting - Pitching for San Francisco (APP) Giants : RHP Corey Foster
|
|
Batting: LHB Dean Luttman
|
0-0: Ball 1-0: Ground out 4-3 (Groundball, 34, EV 88.1 MPH)
|
|
Batting: RHB Devon Dill
|
0-0: Ball 1-0: Ball 2-0: SINGLE (Groundball, 6MD, EV 103.8 MPH)
|
|
Pitching: LHP Justin Tidwell
|
|
|
Batting: LHB Justin Daley
|
0-0: Ball 1-0: Swinging Strike 1-1: DOUBLE (Flyball, 8RXD, EV 100.0 MPH) Devon Dill to third Runner from 3rd tries for Home, SAFE, no throw by CF
|
|
Batting: RHB Yuusei Narita
|
0-0: Called Strike 0-1: Ball Wild Pitch! Justin Daley to third 1-1: Fly out, F4 (Popup, 23, EV 92.5 MPH)
|
|
Batting: RHB Victor Contreras
|
0-0: SINGLE (Groundball, 56D, EV 95.6 MPH) Justin Daley scores
|
|
Batting: RHB Alex Collazo
|
0-0: Ball 1-0: Ball 2-0: Swinging Strike 2-1: Ball 3-1: Base on Balls Victor Contreras to second
|
|
Batting: RHB Kevin Davis
|
0-0: Ball 1-0: Ball 2-0: Ball 3-0: Base on Balls Victor Contreras to third Alex Collazo to second
|
|
Batting: SHB Yu-hsui Lew
|
0-0: Fielders Choice at 2nd, 5-4 (Groundball, 56, EV 90.6 MPH)
|
| Top of the 3rd over - 2 runs, 3 hits, 0 errors, 3 left on base; San Diego (APP) 14 - San Francisco (APP) 0 |
| BOTTOM OF THE 3RD |
|
San Francisco (APP) Giants batting - Pitching for San Diego (APP) Padres : RHP Russell MacKay
|
|
Batting: RHB Jonathan Hemsley
|
0-0: Ball 1-0: Ball 2-0: Foul Ball, location: 2F 2-1: Foul Ball, location: 2F 2-2: Ball 3-2: Foul Ball, location: 2F 3-2: Foul Ball, location: 2F 3-2: Strikes out swinging
|
|
Batting: RHB Rúbem Trancoso
|
0-0: Swinging Strike 0-1: Swinging Strike 0-2: Ball 1-2: Strikes out swinging
|
|
Batting: SHB Cedric Sweep
|
0-0: Called Strike 0-1: Ball 1-1: Foul Ball, location: 2F 1-2: Strikes out swinging
|
| Bottom of the 3rd over - 0 runs, 0 hits, 0 errors, 0 left on base; San Diego (APP) 14 - San Francisco (APP) 0 |
| TOP OF THE 4TH |
|
San Diego (APP) Padres batting - Pitching for San Francisco (APP) Giants : LHP Justin Tidwell
|
|
Batting: RHB Elias Vences
|
0-0: Ball 1-0: Swinging Strike 1-1: SOLO HOME RUN (Line Drive, 78XD, EV 115.6 MPH), Distance : 437 ft
|
|
Pitching: LHP Ken Cromsie
|
|
|
Batting: LHB Dean Luttman
|
0-0: Ball 1-0: Ball 2-0: Called Strike 2-1: Foul Ball, location: 2F 2-2: Ball 3-2: Reached via error on a dropped throw from 1B, E1 (Groundball, 34, EV 81.9 MPH)
|
|
Batting: RHB Devon Dill
|
0-0: Ball 1-0: Ball 2-0: Ball 3-0: Base on Balls Dean Luttman to second
|
|
Batting: LHB Justin Daley
|
0-0: Called Strike 0-1: Fly out, F7 (Flyball, 8LM, EV 88.8 MPH)
|
|
Batting: RHB Yuusei Narita
|
0-0: Ball 1-0: Ball 2-0: Ball 3-0: Base on Balls Dean Luttman to third Devon Dill to second
|
|
Batting: RHB Victor Contreras
|
0-0: Swinging Strike 0-1: Ball 1-1: Fielders Choice at 2nd, 6-4 (Groundball, 6, EV 86.2 MPH) Dean Luttman scores Devon Dill to third
|
|
Pitching: RHP Newt Reid
|
|
|
Batting: RHB Alex Collazo
|
0-0: Ball 1-0: Swinging Strike 1-1: Foul Ball, location: 2F 1-2: Ground out 6-3 (Groundball, 6MS, EV 83.1 MPH)
|
| Top of the 4th over - 2 runs, 1 hit, 1 error, 2 left on base; San Diego (APP) 16 - San Francisco (APP) 0 |
| BOTTOM OF THE 4TH |
|
San Francisco (APP) Giants batting - Pitching for San Diego (APP) Padres : RHP Russell MacKay
|
|
Batting: LHB Eddie Lemus
|
0-0: Ball 1-0: Ball 2-0: Ball 3-0: Called Strike 3-1: Fly out, F8 (Flyball, 8LD, EV 91.2 MPH)
|
|
Batting: RHB Noe Oliva
|
0-0: Foul Ball, location: 2F 0-1: Foul Ball, location: 2F 0-2: Ball 1-2: Ball 2-2: Strikes out looking
|
|
Batting: LHB Kuan Hsia
|
0-0: Called Strike 0-1: Called Strike 0-2: Ground out 6-3 (Groundball, 56D, EV 97.5 MPH)
|
| Bottom of the 4th over - 0 runs, 0 hits, 0 errors, 0 left on base; San Diego (APP) 16 - San Francisco (APP) 0 |
| TOP OF THE 5TH |
|
San Diego (APP) Padres batting - Pitching for San Francisco (APP) Giants : RHP Newt Reid
|
|
Batting: RHB Kevin Davis
|
0-0: Ball 1-0: Ball 2-0: Ball 3-0: Base on Balls
|
|
Batting: SHB Yu-hsui Lew
|
0-0: Called Strike 0-1: Ball 1-1: SINGLE (Flyball, 9LS, EV 89.4 MPH) Kevin Davis to second
|
|
Batting: RHB Elias Vences
|
0-0: Ball 1-0: Ball 2-0: Called Strike 2-1: Ball 3-1: Foul Ball, location: 2F 3-2: Base on Balls Kevin Davis to third Yu-hsui Lew to second
|
|
Batting: LHB Dean Luttman
|
0-0: Swinging Strike 0-1: Ball 1-1: Ball 2-1: Grounds into fielders choice 1-2 (Groundball, 13, EV 69.4 MPH) Yu-hsui Lew to third Elias Vences to second
|
|
Batting: RHB Devon Dill
|
0-0: Ball 1-0: Called Strike 1-1: Foul Ball, location: 2F 1-2: Foul Ball, location: 2F 1-2: Foul Ball, location: 2F 1-2: Ball 2-2: Foul Ball, location: 2F 2-2: Ball 3-2: Base on Balls Yu-hsui Lew scores Elias Vences to third Dean Luttman to second
|
|
Batting: LHB Justin Daley
|
0-0: Called Strike 0-1: Swinging Strike 0-2: Ball 1-2: Reached on error, E4 (Groundball, 4, EV 86.2 MPH) Elias Vences scores Dean Luttman to third Devon Dill to second
|
|
Batting: RHB Yuusei Narita
|
0-0: Ball 1-0: Foul Ball, location: 2F 1-1: Ball 2-1: Grounds into double play, 4-6-3 (Groundball, 4, EV 76.2 MPH)
|
| Top of the 5th over - 2 runs, 1 hit, 1 error, 2 left on base; San Diego (APP) 18 - San Francisco (APP) 0 |
| BOTTOM OF THE 5TH |
|
San Francisco (APP) Giants batting - Pitching for San Diego (APP) Padres : RHP Russell MacKay
|
|
Batting: RHB Ricky Aguilar
|
0-0: Ball 1-0: Called Strike 1-1: Swinging Strike 1-2: Strikes out looking
|
|
Batting: RHB Chris Kulik
|
0-0: Ball 1-0: Called Strike 1-1: Swinging Strike 1-2: Strikes out looking
|
|
Batting: RHB Azeem bin Zuhair
|
0-0: Called Strike 0-1: Called Strike 0-2: Ball 1-2: Strikes out swinging
|
| Bottom of the 5th over - 0 runs, 0 hits, 0 errors, 0 left on base; San Diego (APP) 18 - San Francisco (APP) 0 |
| TOP OF THE 6TH |
|
San Diego (APP) Padres batting - Pitching for San Francisco (APP) Giants : RHP Newt Reid
|
|
Batting: RHB Victor Contreras
|
0-0: Ball 1-0: Ground out 5-3 (Groundball, 56, EV 85.6 MPH)
|
|
Batting: RHB Alex Collazo
|
0-0: Ball 1-0: Ball 2-0: Foul Ball, location: 2F 2-1: Ground out 5-3 (Groundball, 56, EV 102.5 MPH)
|
|
Batting: RHB Kevin Davis
|
0-0: Called Strike 0-1: Foul Ball, location: 2F 0-2: Foul Ball, location: 2F 0-2: SINGLE (Groundball, 4MD, EV 94.4 MPH)
|
|
Batting: SHB Yu-hsui Lew
|
0-0: Ball Wild Pitch! Kevin Davis to second 1-0: Called Strike 1-1: Ball 2-1: Ball 3-1: Foul Ball, location: 2F 3-2: Base on Balls
|
|
Batting: RHB Elias Vences
|
0-0: Ball 1-0: Ball 2-0: Ball 3-0: Called Strike 3-1: Base on Balls Kevin Davis to third Yu-hsui Lew to second
|
|
Batting: LHB Dean Luttman
|
0-0: Ball 1-0: Ball 2-0: Ball Passed Ball! Kevin Davis scores Yu-hsui Lew to third Elias Vences to second 3-0: Base on Balls
|
|
Batting: RHB Devon Dill
|
0-0: Called Strike 0-1: Ball 1-1: Ball 2-1: Ball 3-1: Base on Balls Yu-hsui Lew scores Elias Vences to third Dean Luttman to second
|
|
Batting: LHB Justin Daley
|
0-0: Called Strike 0-1: Ball 1-1: GRAND SLAM HOME RUN (Line Drive, 9D, EV 102.5 MPH), Distance : 398 ft
|
|
Batting: RHB Yuusei Narita
|
0-0: Called Strike 0-1: Ball 1-1: Swinging Strike 1-2: Ball 2-2: Foul Ball, location: 2F 2-2: Ball 3-2: Base on Balls
|
|
Batting: RHB Victor Contreras
|
0-0: DOUBLE (Line Drive, 9LS, EV 114.4 MPH) Yuusei Narita to third
|
|
Batting: RHB Alex Collazo
|
0-0: Fly out, F9 (Flyball, 9, EV 80.6 MPH)
|
| Top of the 6th over - 6 runs, 3 hits, 0 errors, 2 left on base; San Diego (APP) 24 - San Francisco (APP) 0 |
| BOTTOM OF THE 6TH |
|
San Francisco (APP) Giants batting - Pitching for San Diego (APP) Padres : RHP Russell MacKay
|
|
Batting: RHB Jonathan Hemsley
|
0-0: Foul Ball, location: 2F 0-1: Ball 1-1: Ball 2-1: Foul Ball, location: 2F 2-2: Ball 3-2: Ground out U3 (Groundball, 34, EV 82.5 MPH)
|
|
Batting: RHB Rúbem Trancoso
|
0-0: Called Strike 0-1: Foul Ball, location: 2F 0-2: Strikes out swinging
|
|
Batting: SHB Cedric Sweep
|
0-0: Ball 1-0: Ball 2-0: Ball 3-0: Base on Balls
|
|
Batting: LHB Eddie Lemus
|
0-0: Ball 1-0: Fly out, F2 (Popup, 23F, EV 86.2 MPH)
|
| Bottom of the 6th over - 0 runs, 0 hits, 0 errors, 1 left on base; San Diego (APP) 24 - San Francisco (APP) 0 |
| TOP OF THE 7TH |
|
San Diego (APP) Padres batting - Pitching for San Francisco (APP) Giants : RHP Newt Reid
|
|
Batting: RHB Kevin Davis
|
0-0: Fly out, F8 (Line Drive, 8RD, EV 92.5 MPH)
|
|
Batting: SHB Yu-hsui Lew
|
0-0: Fly out, F8 (Flyball, 89M, EV 95.6 MPH)
|
|
Batting: RHB Elias Vences
|
0-0: SINGLE (Flyball, 8LS, EV 85.0 MPH)
|
|
Batting: LHB Dean Luttman
|
0-0: Ground out 4-3 (Groundball, 34D, EV 99.4 MPH)
|
| Top of the 7th over - 0 runs, 1 hit, 0 errors, 1 left on base; San Diego (APP) 24 - San Francisco (APP) 0 |
| BOTTOM OF THE 7TH |
|
San Francisco (APP) Giants batting - Pitching for San Diego (APP) Padres : RHP Russell MacKay
|
|
Batting: RHB Noe Oliva
|
0-0: Called Strike 0-1: Called Strike 0-2: Ball 1-2: Ball 2-2: Foul Ball, location: 2F 2-2: Strikes out swinging
|
|
Batting: LHB Kuan Hsia
|
0-0: Foul Ball, location: 2F 0-1: Called Strike 0-2: Strikes out looking
|
|
Batting: RHB Ricky Aguilar
|
0-0: Called Strike 0-1: Ball 1-1: Ball 2-1: Called Strike 2-2: Foul Ball, location: 2F 2-2: Strikes out swinging
|
| Bottom of the 7th over - 0 runs, 0 hits, 0 errors, 0 left on base; San Diego (APP) 24 - San Francisco (APP) 0 |
| TOP OF THE 8TH |
|
San Diego (APP) Padres batting - Pitching for San Francisco (APP) Giants : RHP Newt Reid
|
|
Batting: RHB Devon Dill
|
0-0: Swinging Strike 0-1: Ball 1-1: DOUBLE (Line Drive, 78XD, EV 106.2 MPH)
|
|
Pinch Hitting: RHB Jon Groseclose
|
0-0: Reached on error, E3 (Groundball, 34, EV 86.9 MPH) Devon Dill to third
|
|
Batting: RHB Yuusei Narita
|
0-0: Foul Ball, location: 2F 0-1: SINGLE (Groundball, 56D, EV 100.0 MPH) Devon Dill scores Jon Groseclose to second
|
|
Pinch Hitting: LHB Ramon Padilla
|
0-0: Ball 1-0: Ball 2-0: Swinging Strike 2-1: Ball 3-1: Foul Ball, location: 2F 3-2: Base on Balls Jon Groseclose to third Yuusei Narita to second
|
|
Batting: RHB Alex Collazo
|
0-0: Called Strike 0-1: Ball 1-1: SINGLE (Groundball, 13S, EV 71.9 MPH) (infield hit) Jon Groseclose scores Yuusei Narita to third Ramon Padilla to second
|
|
Batting: RHB Kevin Davis
|
0-0: Grounds into double play, 4-6-3 (Groundball, 4, EV 84.4 MPH) Yuusei Narita scores Ramon Padilla to third
|
|
Batting: SHB Yu-hsui Lew
|
0-0: Called Strike 0-1: Foul Ball, location: 2F 0-2: Foul Ball, location: 2F 0-2: Ball Wild Pitch! Ramon Padilla scores 1-2: Foul Ball, location: 2F 1-2: Ball 2-2: Ball 3-2: Base on Balls
|
|
Batting: RHB Elias Vences
|
0-0: Fly out, F8 (Flyball, 8LM, EV 91.2 MPH)
|
| Top of the 8th over - 4 runs, 3 hits, 1 error, 1 left on base; San Diego (APP) 28 - San Francisco (APP) 0 |
| BOTTOM OF THE 8TH |
|
San Francisco (APP) Giants batting - Pitching for San Diego (APP) Padres : RHP Russell MacKay
|
|
Now at 1B: Jon Groseclose
|
|
|
Now in LF: Ramon Padilla
|
|
|
Batting: RHB Chris Kulik
|
0-0: Foul Ball, location: 2F 0-1: Swinging Strike 0-2: Ball 1-2: Foul Ball, location: 2F 1-2: Foul Ball, location: 2F 1-2: Strikes out looking
|
|
Batting: RHB Azeem bin Zuhair
|
0-0: Fly out, F8 (Flyball, 8LM, EV 94.4 MPH)
|
|
Batting: RHB Jonathan Hemsley
|
0-0: Called Strike 0-1: Ground out 4-3 (Groundball, 4, EV 105.0 MPH)
|
| Bottom of the 8th over - 0 runs, 0 hits, 0 errors, 0 left on base; San Diego (APP) 28 - San Francisco (APP) 0 |
| TOP OF THE 9TH |
|
San Diego (APP) Padres batting - Pitching for San Francisco (APP) Giants : RHP Newt Reid
|
|
Batting: LHB Dean Luttman
|
0-0: Ball 1-0: Fly out, F7 (Flyball, 7D, EV 94.4 MPH)
|
|
Batting: RHB Devon Dill
|
0-0: Called Strike 0-1: Fly out, F8 (Line Drive, 8LM, EV 106.9 MPH)
|
|
Batting: RHB Jon Groseclose
|
0-0: Fly out, F9 (Flyball, 89S, EV 77.5 MPH)
|
| Top of the 9th over - 0 runs, 0 hits, 0 errors, 0 left on base; San Diego (APP) 28 - San Francisco (APP) 0 |
| BOTTOM OF THE 9TH |
|
San Francisco (APP) Giants batting - Pitching for San Diego (APP) Padres : RHP Russell MacKay
|
|
Batting: RHB Rúbem Trancoso
|
0-0: Called Strike 0-1: Ball 1-1: Ball 2-1: Foul Ball, location: 2F 2-2: Strikes out swinging
|
|
Batting: SHB Cedric Sweep
|
0-0: Called Strike 0-1: SINGLE (Groundball, 34S, EV 66.2 MPH) (infield hit)
|
|
Pitching: RHP Mason Broderick
|
|
|
Batting: LHB Eddie Lemus
|
0-0: Ball 1-0: Ball 2-0: Called Strike 2-1: Swinging Strike 2-2: Ball 3-2: SINGLE (Line Drive, 7S, EV 105.6 MPH) Cedric Sweep to second Cedric Sweep to third
|
|
Batting: RHB Noe Oliva
|
0-0: Ball 1-0: Swinging Strike 1-1: Ball 2-1: Swinging Strike 2-2: Fielders Choice at 2nd, 6-4 (Groundball, 6, EV 91.9 MPH) Cedric Sweep scores
|
|
Batting: LHB Kuan Hsia
|
0-0: Called Strike 0-1: Foul Ball, location: 2F 0-2: Ball 1-2: Strikes out looking
|
| Bottom of the 9th over - 1 run, 2 hits, 0 errors, 1 left on base; San Diego (APP) 28 - San Francisco (APP) 1 |
|